 Dungeon Crawl Stone Soup version 0.22-a0-271-gc000056 (webtiles) character file.

116 RoseArtemis the Slasher (level 4, -1/41 HPs)
             Began as a Minotaur Berserker on Mar 11, 2018.
             Was a Believer of Trog.
             Slain by tidbits's ghost (4 damage)
             ... on level 3 of the Dungeon.
             The game lasted 00:07:14 (2361 turns).

RoseArtemis the Slasher (Minotaur Berserker)        Turns: 2361, Time: 00:07:15

Health: -1/41      AC: 10    Str: 22    XL:     4   Next: 69%
Magic:  3/3        EV:  5    Int:  4    God:    Trog [**....]
Gold:   91         SH:  8    Dex: 10    Spells: 3/3 levels left

rFire    . . .     SeeInvis .   a - +0 falchion
rCold    . . .     Gourm    .   p - +0 shield
rNeg     . . .     Faith    .   k - +0 chain mail
rPois    .         Spirit   .   (helmet restricted)
rElec    .         Reflect  .   (no cloak)
rCorr    .         Harm     .   (no gloves)
MR       .....                  h - +0 pair of boots (curse)
Stlth    ..........             (no amulet)
HPRegen  0.13/turn              (no ring)
MPRegen  0.08/turn              (no ring)

@: berserk cooldown, slowed, very slow
A: retaliatory headbutt, horns 2
a: Berserk, Trog's Hand, Renounce Religion


You were on level 3 of the Dungeon.
You worshipped Trog.
Trog was pleased with you.
You were hungry.

You visited 1 branch of the dungeon, and saw 3 of its levels.

You collected 91 gold pieces.

Inventory:

Hand Weapons
 a - a +0 falchion (weapon)
Armour
 h - a cursed +0 pair of boots (worn)
 k - a +0 chain mail (worn)
 p - a +0 shield (worn)
Jewellery
 o - an uncursed amulet of guardian spirit {unknown}
Scrolls
 b - a scroll of remove curse {unknown}
 d - a scroll of immolation {unknown}
 e - a scroll of magic mapping
 f - a scroll of identify {unknown}
 g - a scroll of teleportation {unknown}
 m - a scroll of blinking {unknown}
 n - 2 scrolls of fear
Potions
 i - 3 potions of curing {unknown}
 l - a potion of mutation {unknown}
Comestibles
 c - 2 rations
 j - 8 chunks of flesh


   Skills:
 + Level 4.5 Fighting
 * Level 5.3 Long Blades
 + Level 3.5 Armour
 - Level 2.1 Dodging
 + Level 0.8 Shields


You had 3 spell levels left.
You didn't know any spells.

Dungeon Overview and Level Annotations

Branches:
Dungeon (3/15)

Altars:
Qazlal
The Shining One

Annotations:
D:3 Natasha; tidbits's ghost, weakling GnTm


Innate Abilities, Weirdness & Mutations

You reflexively headbutt those who attack you in melee.
You have a pair of horns on your head.


Message History

You are exhausted.
You feel as though you will be slow longer.
Natasha hisses angrily.
Tidbits's ghost hits you.
* * * LOW HITPOINT WARNING * * *
You miss tidbits's ghost.
Tidbits's ghost is heavily damaged.
You block tidbits's ghost's attack.
Natasha casts a spell.
Tidbits's ghost barely misses you. You furiously retaliate!
You headbutt tidbits's ghost.
You riposte.
You hit tidbits's ghost.
Tidbits's ghost is severely damaged.
You barely miss tidbits's ghost. Your headbutt misses tidbits's ghost.
Tidbits's ghost is severely damaged.
Tidbits's ghost hits you but does no damage.
You block Natasha's attack.
Your shield and chain mail prevent you from hitting Natasha.
Tidbits's ghost hits you but does no damage.
You block Natasha's attack. Tidbits's ghost hits you.
You die...

#........# #........#
.... #........# ....
#.......... ...
....####### .. ##..# #
.# #..# ###'###.# #..#
#.....W†#
##(.#######..5.h@.#
.................###
##...........#†....#
.#...........#.###.#
.#.# ##......#.. ...
...####......#####.###
...................#
#.>####......#######
##.# #......#


You could see Natasha, tidbits's ghost and a crimson imp.

Vanquished Creatures
  Natasha (D:3)
  4 adders
  2 worms (D:2)
  A dart slug (D:1)
  A leopard gecko (D:2)
  2 giant cockroaches
  5 goblins
  12 hobgoblins
  3 jackals (D:3)
  A quokka (D:3)
  5 bats
  2 frilled lizards
  4 kobolds
  3 rats
46 creatures vanquished.

Notes
Turn   | Place    | Note
-------+----------+-------------------------------------------
     0 | D:1      | RoseArtemis the Minotaur Berserker began the quest for the Orb.
     0 | D:1      | Reached XP level 1. HP: 19/19 MP: 0/0
   134 | D:1      | Reached skill level 4 in Long Blades
   148 | D:1      | Reached XP level 2. HP: 16/27 MP: 1/1
   918 | D:2      | Found a faded altar of an unknown god.
   933 | D:2      | Reached XP level 3. HP: 9/33 MP: 2/2
   949 | D:1      | HP: 1/33 [poisoned by an adder]
  1266 | D:2      | Found a glowing golden altar of the Shining One.
  1639 | D:2      | Reached ** piety under Trog
  1872 | D:2      | Found a stormy altar of Qazlal.
  2118 | D:3      | Reached skill level 5 in Long Blades
  2118 | D:3      | Reached XP level 4. HP: 37/41 MP: 3/3
  2329 | D:3      | Noticed Natasha
  2335 | D:3      | Noticed tidbits's ghost (weakling GnTm)
  2341 | D:3      | Killed Natasha
  2358 | D:3      | Noticed Natasha
  2358 | D:3      | HP: 2/41 [tidbits's ghost (5)]
  2361 | D:3      | Slain by tidbits's ghost

Vault maps used:
D:1:      lightli_arrival_statuegarden, hangedman_decor_points,
          minmay_misc_feat_roman
D:2:      tso_metal_star, chequers_ecumenical_altar_island,
          roderic_nine_men_s_morris, grunt_qazlal_sundering
D:3:      nicolae_overflow_crystal_walls, minmay_misc_feat_tiny, uniq_natasha

Skill      XL: |  1  2  3 |
---------------+----------+-----
Long Blades    | 4 5 |  5.3
Fighting       | 4 |  4.5
Armour         | 3 |  3.5
Dodging        | |  2.1
Shields        | |  0.8

Action                   |  1- 3 |  4- 6 || total
-------------------------+-------+-------++-------
Melee: Falchion          |   104 |    42 ||   146
       Headbutt          |    20 |     5 ||    25
Invok: Berserk           |     1 |     1 ||     2
  Use: Scroll            |     2 |       ||     2
 Stab: Sleeping          |     1 |       ||     1
  Eat: Chunk             |     5 |     1 ||     6
Armor: Animal skin       |     4 |       ||     4
       Chain mail        |    20 |    24 ||    44
Dodge: Dodged            |    48 |     9 ||    57
Block: Shield            |    11 |    22 ||    33
       Rpst.: Falchion   |     6 |     5 ||    11

Table legend:
 A = Spawn XP
 B = Non-spawn XP
 C = Spawn XP percentage of total XP
 D = Spawn monster count
 E = Non-spawn monster count
 F = Spawn count percentage of total count
 G = Total turns spent on level
                    A         B        C        D         E        F      G
               +---------+---------+-------+---------+---------+-------+---------
         Total |       0 |     166 |   0.0 |       0 |      46 |   0.0 |  2361
               +---------+---------+-------+---------+---------+-------+---------
           D:1 |       0 |      25 |   0.0 |       0 |      15 |   0.0 |  1178
           D:2 |       0 |      64 |   0.0 |       0 |      19 |   0.0 |   873
           D:3 |       0 |      77 |   0.0 |       0 |      12 |   0.0 |   310
               +---------+---------+-------+---------+---------+-------+---------
